 Dungeon Crawl Stone Soup version 0.26-a0-712-ga5a9c9c9d0 (webtiles) character file.

Game seed: 990648635843078610

(classic levelgen) 2367 EnegeticOcto the Cleaver (level 9, -3/82 HPs)
             Began as a Deep Dwarf Fighter on Nov 4, 2020.
             Slain by a two-headed ogre
             ... wielding a +0 giant club
              (15 damage)
             ... on level 8 of the Dungeon.
             The game lasted 00:03:03 (5091 turns).

EnegeticOcto the Cleaver (Deep Dwarf Fighter)       Turns: 5091, Time: 00:03:03

Health: -3/82      AC: 15    Str: 24    XL:     9   Next: 21%
Magic:  6/6        EV:  6    Int:  8    God:
Gold:   353        SH: 12    Dex: 12    Spells: 8/8 levels left

rFire    + . .     SeeInvis .   a - +1 war axe
rCold    . . .     Faith    .   g - +1 kite shield {rF+}
rNeg     . . .     Spirit   .   k - +0 chain mail
rPois    .         Reflect  .   l - +2 hat
rElec    .         Harm     .   B - +0 cloak
rCorr    .         Rampage  .   y - +0 pair of gloves
MR       +....                  (no boots)
Stlth    ..........             (no amulet)
HPRegen  0.00/turn              t - ring of flight
MPRegen  0.10/turn              (no ring)

@: non-regenerating
A: damage resistance, heal wounds, sense surroundings 2, no regeneration
a: Heal Wounds, Evoke Flight


You were on level 8 of the Dungeon.
You visited 2 branches of the dungeon, and saw 9 of its levels.

You collected 495 gold pieces.
You spent 142 gold pieces at shops.

Inventory:

Hand Weapons
 a - a +1 war axe (weapon)
Armour
 b - a +0 scale mail
 c - a +0 kite shield
 g - a +1 kite shield of fire resistance (worn)
 k - a +0 chain mail (worn)
 l - a +2 hat (worn)
 y - a +0 pair of gloves (worn)
 B - a +0 cloak (worn)
Jewellery
 t - a ring of flight (left hand)
Wands
 i - a wand of disintegration (15)
 s - a wand of acid (8) {@v1}
 w - a wand of enslavement (9)
Scrolls
 h - 5 scrolls of teleportation {@r3}
 j - 2 scrolls of magic mapping {@r5}
 r - a scroll of fog
 v - 2 scrolls of remove curse {@r2}
 x - 2 scrolls of identify {@r1}
Potions
 d - 3 potions of might {@q3}
 e - a potion of cancellation
 f - 2 potions of berserk rage
 m - a potion of haste {@q4}
 n - 3 potions of curing {@q1}
 o - a potion of heal wounds {@q2}
 p - a potion of magic
 q - a potion of lignification
 u - a potion of flight
 z - a potion of brilliance
 A - a potion of degeneration {unknown}
 C - a potion of resistance {unknown}


   Skills:
 + Level 5.7 Fighting
 * Level 8.9 Axes
 + Level 6.8 Armour
 + Level 6.8 Shields


You had 8 spell levels left.
You didn't know any spells.
Your spell library was empty.

Dungeon Overview and Level Annotations

Branches:
Dungeon (8/15)             Temple (1/1) D:5
   Lair: D:8-11

Altars:
Ashenzari
Cheibriados
Dithmenos
Elyvilon
Fedhas
Gozag
Hepliaklqana
Kikubaaqudgha
Nemelex Xobeh
Okawaru
Qazlal
Ru
Sif Muna
Trog
Uskayaw
Vehumet
Wu Jian
Xom
Yredelemnul
Zin
The Shining One

Shops:
D:6 *

Annotations:
D:7 exclusion: statue


Innate Abilities, Weirdness & Mutations

You are resistant to damage.
You can heal yourself by infusing magical energy.
You passively map the area around you.
You do not regenerate.


Message History

No target in view!
Items here: )) ††.
Things that are here:
a +0 spear; a +0 ring mail; a gnoll corpse You now have 339 gold pieces (gained 11).
You see here a +0 spear.
Things that are here:
a +0 flail; a gnoll corpse You see here 2 arrows.
You see here an arrow.
You see here an arrow.
You see here an arrow.
You see here a glowing short sword.
Crazy Yiuf shouts!
You open the door.
Crazy Yiuf screams, "Key down sanguine!"
You block Crazy Yiuf's attack.
There is an open translucent door here.
You slash Crazy Yiuf!
Crazy Yiuf is heavily wounded.
Crazy Yiuf hits you with a +3 quarterstaff of chaos.
Crazy Yiuf freezes you.
You hit Crazy Yiuf.
Crazy Yiuf is severely wounded.
Crazy Yiuf screams, "Cod tired arga!"
Crazy Yiuf closely misses you.
You slash Crazy Yiuf!
You kill Crazy Yiuf!
No target in view!
No target in view!
No target in view!
No target in view!
No target in view!
No target in view!
No target in view!
No target in view!
No target in view!
No target in view!
No target in view!
No target in view!
No target in view!
No target in view!
Things that are here:
a +3 quarterstaff of chaos; a +0 cloak; the gnoll corpse of Crazy Yiuf You start putting on your armour.
You continue putting on your +0 cloak. x4
You finish putting on your +0 cloak.
Partly explored, can't reach some places.
Partly explored, can't reach some places.
Partly explored, can't reach some places.
(D) Dungeon (T) Temple
Where to? (Enter - D:7, ? - help)
There is an open translucent door here.
There is a stone staircase leading down here.
You climb downwards.
Found a green potion and a scroll of teleportation.
There is a stone staircase leading up here.
Search for what [Enter for "."]? mak Can't find anything matching that.
C - a green potion You now have 353 gold pieces (gained 14).
h - 5 scrolls of teleportation {@r3} (gained 1)
Found a ring mail.
A two-headed ogre comes into view.
It is wielding a +0 giant club and a +0 giant spiked club.
The two-headed ogre shouts in stereo!
You hear a shout!
A centaur comes into view.
The centaur wields a +0 shortbow.
The centaur shoots an arrow.
The arrow closely misses you.
You see here an arrow.
There are monsters nearby!
There are monsters nearby!
There are monsters nearby!
A black bear and a two-headed ogre come into view.
The black bear growls angrily.
The two-headed ogre shouts in stereo!
Found a stone staircase leading up.
A phantom comes into view.
The two-headed ogre hits you but does no damage.
The two-headed ogre hits you with a +0 giant spiked club!
Found an ivory wand.
You barely miss the two-headed ogre.
The centaur shoots an arrow.
The arrow hits you but does no damage.
You hit the two-headed ogre but do no damage.
You slash the two-headed ogre! You slash the black bear!
The centaur shoots an arrow.
The arrow hits you! The two-headed ogre barely misses you.
The two-headed ogre hits you but does no damage.
The two-headed ogre barely misses you. x2; The black bear barely misses you.
The black bear claws you but does no damage.
The black bear claws you.
You hit the two-headed ogre but do no damage.
The two-headed ogre is moderately wounded.
You hit the two-headed ogre. You hit the black bear.
The centaur shoots an arrow.
You block the arrow.
The two-headed ogre hits you with a +0 giant club!
You block the two-headed ogre's attack.
The centaur shoots an arrow.
You block the arrow. The black bear bites you.
The black bear claws you but does no damage. x2
The two-headed ogre hits you with a +0 giant club!!
* * * LOW HITPOINT WARNING * * *
The two-headed ogre hits you with a +0 giant club!
You die...

, * , , , *.# ,
...... , ..<* .....,,
,, * , * ... **....,
, ..####... ,, , , ,
#,#.[.... , , ,,, * *
#.#..cW/ * *,,, , *
#....O.# .... ,
#..O@### ,,,.... , *
#...h..# ,,... , *
........#(# , ..# ,
,.###....#.#### #.# ,
#....#....## #.# ,
#....####..######.###
* ######
##.##....<..# *, *
#..#.......#
##.........#


You could see 2 two-headed ogres, a phantom, a black bear and a centaur.

Vanquished Creatures
  Menkaure (D:7)
  An orc warrior (D:6)
  2 ice beasts
  A sky beast (D:7)
  3 phantoms
  A black bear (D:7)
  An ogre (D:7)
  2 centaurs (D:7)
  A big kobold (D:5)
  A bullfrog (D:6)
  A gnoll sergeant (D:7)
  A scorpion (D:5)
  A quasit (D:6)
  3 bullfrog zombies
  A centaur zombie (D:4)
  A jelly (D:7)
  Crazy Yiuf (D:7)
  A bullfrog skeleton (D:6)
  2 orc wizards
  8 orc priests
  2 iguanas
  6 worker ants
  A killer bee zombie (D:6)
  A hound zombie (D:5)
  A worker ant zombie (D:6)
  9 gnolls
  5 adders
  4 white imps
  2 ufetubi (D:5)
  2 oozes
  An adder skeleton (D:4)
  6 leopard geckos
  17 orcs
  A ball python (D:7)
  4 giant cockroaches
  3 hobgoblins
  7 kobolds
  3 quokkas
  7 bats
  5 frilled lizards
  2 goblins (D:3)
  8 rats
131 creatures vanquished.

Vanquished Creatures (others)
  2 plants (D:6)
2 creatures vanquished.

Grand Total: 133 creatures vanquished

Notes
Turn   | Place    | Note
-------+----------+-------------------------------------------
     0 | D:1      | EnegeticOcto the Deep Dwarf Fighter began the quest for the
                  | Orb.
     0 | D:1      | Reached XP level 1. HP: 20/20 MP: 1/1
   284 | D:2      | Reached XP level 2. HP: 27/27 MP: 2/2
   535 | D:4      | Reached skill level 3 in Axes
   535 | D:4      | Reached XP level 3. HP: 31/34 MP: 3/3
   576 | D:4      | Reached XP level 4. HP: 38/42 MP: 4/4
   649 | D:4      | Reached skill level 4 in Axes
   649 | D:4      | Reached XP level 5. HP: 36/49 MP: 5/5
   730 | D:4      | Found a bloodstained altar of Trog.
  1019 | D:5      | Entered Level 5 of the Dungeon
  1086 | D:5      | Reached XP level 6. HP: 30/57 MP: 6/6
  1158 | D:5      | Reached skill level 5 in Axes
  1311 | D:5      | Found a staircase to the Ecumenical Temple.
  1537 | Temple   | Entered the Ecumenical Temple
  1843 | D:5      | Reached XP level 7. HP: 44/64 MP: 6/6
  1863 | D:5      | Reached skill level 5 in Armour
  1863 | D:5      | Reached skill level 5 in Shields
  1923 | D:5      | Reached skill level 6 in Axes
  2009 | D:5      | Found a snail-covered altar of Cheibriados.
  2338 | D:6      | Reached XP level 8. HP: 43/73 MP: 7/7
  2357 | D:6      | Found Ytunney's Assorted Antiques.
  2366 | D:6      | Bought a glowing kite shield for 142 gold pieces
  2408 | D:6      | Reached skill level 7 in Axes
  2694 | D:6      | Reached skill level 5 in Fighting
  2698 | D:6      | Identified the Incunabulum of Poisonous Evil
  3040 | D:2      | Found a faded altar of an unknown god.
  3240 | D:2      | Found a sacrificial altar of Ru.
  3750 | D:3      | Found a basalt altar of Yredelemnul.
  3830 | D:3      | Found a hide-covered altar of Uskayaw.
  3833 | D:3      | Found a bloodstained altar of Trog.
  3836 | D:3      | Found a white marble altar of Elyvilon.
  3841 | D:3      | Found a shimmering altar of Xom.
  4258 | D:7      | Found a radiant altar of Vehumet.
  4291 | D:7      | Reached skill level 8 in Axes
  4369 | D:7      | Noticed Menkaure
  4381 | D:7      | Killed Menkaure
  4644 | D:7      | Gained mutation: You passively map the area around you.
                  | [Deep Dwarf growth]
  4644 | D:7      | Reached XP level 9. HP: 56/81 MP: 6/6
  4757 | D:7      | Found a runed translucent door.
  4758 | D:7      | Noticed Crazy Yiuf
  5024 | D:7      | Killed Crazy Yiuf
  5086 | D:8      | Noticed a two-headed ogre
  5087 | D:8      | Noticed a two-headed ogre
  5091 | D:8      | Slain by a two-headed ogre

Illustrated notes

Levels and vault maps discovered:
D:1:      minmay_arrival_semitransparent, layout_basic, minmay_worlds_worst_comb
D:2:      layout_basic, lemuel_doored_altar, serial_glass, glass_columns_a,
          glass_columns_a, chequers_ecumenical_altar_island
D:3:      layout_basic, grunt_temple_overflow_cloverleaf,
          yredelemnul_altar_generic
D:4:      layout_cave_pools, trog_butcher_becter
D:5:      minmay_chambers_of_threes, layout_basic,
          lemuel_coloured_pillars_altar, minmay_temple_entry_large_hall,
          grunt_tough_drop
D:6:      layout_loops_ring, serial_shops, nicolae_shop_overgrown_old_shop,
          kennysheep_generic_room_3
D:7:      layout_cave_pods, vehumet_statue, uniq_menkaure,
          uniq_crazy_yiuf_cottage
D:8:      layout_rooms, uniq_maurice
Temple:   nicolae_temple_figure_eight

Skill      XL: |  1  2  3  4  5  6  7  8 |
---------------+-------------------------+-----
Fighting       | 3 4 5 |  5.7
Axes           | 3 4 5 6 8 |  8.9
Armour         | 4 5 6 |  6.8
Shields        | 4 5 6 |  6.8

Action                   |  1- 3 |  4- 6 |  7- 9 || total
-------------------------+-------+-------+-------++-------
Melee: War axe           |    77 |   160 |   293 ||   530
 Abil: Heal Wounds       |       |     3 |    13 ||    16
  Use: Scroll            |       |       |    19 ||    19
Armor: Scale mail        |    33 |    68 |    72 ||   173
       Chain mail        |       |       |    81 ||    81
Dodge: Dodged            |    23 |    63 |    91 ||   177
Block: Kite shield       |    42 |    85 |   212 ||   339

Table legend: (Time is in decaauts)
 A = Elapsed time spent in this place.
 B = Non-inter-level travel time spent in this place.
 C = Inter-level travel time spent in this place.
 D = Time resting spent in this place.
 E = Time spent auto-exploring this place.
 F = Levels seen in this place.
 G = Mean time per level.
                   A        B        C        D        E       F      G
               +--------+--------+--------+--------+--------+-----+--------+
         Total |   5246 |   4931 |    315 |      0 |   3794 |   9 |  582.9 |
       Dungeon |   5046 |   4743 |    303 |      0 |   3607 |   8 |  630.8 |
        Temple |    199 |    188 |     11 |      0 |    187 |   1 |  199.0 |
               +--------+--------+--------+--------+--------+-----+--------+

Top non-repeatable levels by time:
     D:5: 1123 daAuts
     D:7: 853 daAuts
     D:2: 824 daAuts
     D:3: 790 daAuts
     D:6: 675 daAuts
     D:4: 572 daAuts
  Temple: 199 daAuts
     D:1: 176 daAuts
     D:8: 30 daAuts
